 Dungeon Crawl Stone Soup version 0.25-a0-865-gd392131cc7 (webtiles) character file.

Game seed: 9439981713587565835, levelgen mode: deterministic

65 Morrissey the Chiller (level 4, 0/31 HPs)
             Began as a Merfolk Ice Elementalist on Apr 30, 2020.
             Was an Initiate of Trog.
             Slain by an adder (3 damage)
             ... on level 3 of the Dungeon.
             The game lasted 00:06:45 (2975 turns).

Morrissey the Chiller (Merfolk Ice Elementalist)    Turns: 2975, Time: 00:06:46

Health: 0/31       AC:  6    Str:  6 (8)  XL:     4   Next: 14%
Magic:  7/7        EV: 10    Int: 19 (20) God:    Trog [......]
Gold:   103        SH:  0    Dex: 11 (14) Spells: 6/7 levels left

rFire    + . .     SeeInvis .   a - +0 spear
rCold    + . .     Gourm    .   (no shield)
rNeg     . . .     Faith    .   b - +0 ring mail (curse)
rPois    .         Spirit   .   q - +0 helmet
rElec    .         Reflect  .   g - scarf {rC+ rF+}
rCorr    .         Harm     .   (no gloves)
MR       .....                  (no boots)
Stlth    +.........             (no amulet)
HPRegen  0.10/turn              r - +3 ring of intelligence
MPRegen  0.10/turn              (no ring)

@: brilliant, lethally poisoned (0 -> -5)
A: change form in water, swift swim, stealthy swim, clever 1, screaming 1
a: Renounce Religion


You were on level 3 of the Dungeon.
You worshipped Trog.
Trog was noncommittal.
You were very hungry.

You visited 1 branch of the dungeon, and saw 3 of its levels.

You collected 103 gold pieces.

Inventory:

Hand Weapons
 a - a +0 spear (weapon)
 d - a +0 dagger
Armour
 b - a cursed +0 ring mail (worn)
 g - a scarf of resistance (worn)
 q - a +0 helmet (worn)
Jewellery
 r - a +3 ring of intelligence (left hand)
Scrolls
 e - 3 scrolls of remove curse {unknown}
 h - a scroll of identify {unknown}
 j - a scroll of enchant armour {unknown}
 l - 5 scrolls of teleportation {unknown}
 m - a scroll of enchant weapon {unknown}
 o - a scroll of immolation {unknown}
 p - 2 scrolls of magic mapping {unknown}
Potions
 f - 2 potions of brilliance
 n - a potion of cancellation {unknown}
Comestibles
 c - 2 rations


   Skills:
 + Level 0.9 Fighting
 * Level 1.8 Polearms
 + Level 4.2 Dodging
 - Level 2.1 Stealth
 - Level 2.0 Spellcasting
 - Level 5.0 Ice Magic


You had 6 spell levels left.
You knew the following spells:

 Your Spells              Type           Power        Failure   Level  Hunger
a - Freeze                Ice            ####         9%          1    None

Your spell library contained the following spells:

 Spells                   Type           Power        Failure   Level  Hunger
 Frozen Ramparts          Ice            ####..       26%         3    None
 Ozocubu's Armour         Chrm/Ice       ###.....     58%         3    None
 Hailstorm                Conj/Ice       ###.....     94%         4    None
 Summon Ice Beast         Ice/Summ       ###.....     94%         4    None


Dungeon Overview and Level Annotations

Branches:
Dungeon (3/15)

Altars:
Dithmenos
Hepliaklqana
Okawaru
Trog


Innate Abilities, Weirdness & Mutations

You revert to your normal form in water.
You are very nimble and swift while swimming.
You are very stealthy in the water. (Stealth+)
Your mind is acute. (Int +2)
You occasionally shout uncontrollably at your foes.


Message History

The adder is almost dead.
You feel sick. The adder bites you.
* * * LOW HITPOINT WARNING * * *
The adder closely misses you.
You closely miss the adder.
The adder is almost dead.
You feel sick. The adder bites you.
* * * LOW HITPOINT WARNING * * *
It was a potion of brilliance.
You feel clever all of a sudden. The adder barely misses you.
It was a potion of mutation.
You feel extremely strange.
You feel the urge to shout.
You feel clever.
* * * LOW HITPOINT WARNING * * *
You feel sick. The adder closely misses you.
It was a potion of degeneration.
There was something very wrong with that liquid.
You feel weakened.
You feel dopey.
You feel clumsy. The adder bites you.
You die...

... #.# #.#
#.# #.# #.#
#S# #@#
######.######
#...........#
#.####......#
#...<...+
#........#
#.##.###.#
... ... .#
###.##### #


You could see an adder.

Vanquished Creatures
  An adder (D:2)
  3 worms (D:2)
  A dart slug (D:3)
  A leopard gecko (D:2)
  A giant cockroach (D:1)
  7 goblins
  2 hobgoblins
  9 jackals
  4 kobolds
  6 bats
  3 frilled lizards (D:1)
  5 rats
  A fungus (D:2)
44 creatures vanquished.

Notes
Turn   | Place    | Note
-------+----------+-------------------------------------------
     0 | D:1      | Morrissey the Merfolk Ice Elementalist began the quest for
                  | the Orb.
     0 | D:1      | Reached XP level 1. HP: 13/13 MP: 3/3
   446 | D:1      | Reached XP level 2. HP: 14/19 MP: 5/5
   934 | D:2      | Reached XP level 3. HP: 19/24 MP: 6/6
  1147 | D:2      | Found a bloodstained altar of Trog.
  1171 | D:2      | Reached skill level 5 in Ice Magic
  1319 | D:2      | Became a worshipper of Trog the Wrathful
  1345 | D:2      | Found an iron altar of Okawaru.
  1875 | D:2      | Noticed a shadow
  1876 | D:2      | Found a shadowy altar of Dithmenos.
  1887 | D:2      | Reached skill level 1 in Polearms
  2062 | D:2      | Found a hazy altar of Hepliaklqana.
  2452 | D:2      | Reached XP level 4. HP: 29/31 MP: 7/7
  2734 | D:2      | Found a runed translucent door.
  2735 | D:2      | Noticed Crazy Yiuf
  2974 | D:3      | Gained mutation: You occasionally shout uncontrollably at
                  | your foes. [potion of mutation]
  2974 | D:3      | Gained mutation: Your mind is acute. (Int +2) [potion of
                  | mutation]
  2975 | D:3      | Slain by an adder

Levels and vault maps discovered:
D:1:      minmay_arrival_jagged, layout_rooms
D:2:      layout_basic, riverfiend_overflow_shadow_ancestor, lemuel_round_altar,
          kennysheep_okawaru_gauntlet, uniq_crazy_yiuf_cottage
D:3:      lemuel_castle_with_subvaults [lemuel_castle_interior_original],
          layout_loops_corners, first_ration,
          chequers_ecumenical_altar_simple_redux, feat_on_display

Skill      XL: |  1  2  3 |
---------------+----------+-----
Dodging        | 3 4 |  4.2
Ice Magic      | 5 |  5.0
Polearms       | 1 |  1.8
Fighting       | |  0.9
Stealth        | |  2.1
Spellcasting   | |  2.0

Action                   |  1- 3 |  4- 6 || total
-------------------------+-------+-------++-------
Melee: Dagger            |    69 |       ||    69
       Spear             |    53 |    85 ||   138
 Cast: Freeze            |    28 |       ||    28
  Use: Potion            |       |     3 ||     3
 Stab: Sleeping          |     1 |       ||     1
  Eat: Chunk             |     5 |     1 ||     6
Armor: Robe              |    17 |     2 ||    19
       Ring mail         |       |     5 ||     5
Dodge: Dodged            |    95 |    29 ||   124

Table legend:
 A = Non-vault XP
 B = Vault XP
 C = Vault XP percentage of total XP
 D = Non-vault monster count
 E = Vault monster count
 F = Vault count percentage of total count
                 A         B        C        D         E       F
            +---------+---------+-------+---------+---------+-------
      Total |      90 |       4 |   4.3 |      41 |       2 |   4.7
            +---------+---------+-------+---------+---------+-------
        D:1 |      30 |       0 |   0.0 |      19 |       0 |   0.0
        D:2 |      56 |       4 |   6.7 |      21 |       2 |   8.7
        D:3 |       4 |       0 |   0.0 |       1 |       0 |   0.0
            +---------+---------+-------+---------+---------+-------
